 Dungeon Crawl Stone Soup version 0.18-a0-1805-g8ab820f (webtiles) character file.

26 barb4r1an the Insei (level 3, -1/26 HPs)
             Began as a Merfolk Transmuter on Apr 26, 2016.
             Shot with a stone by a goblin (6 damage)
             ... on level 2 of the Dungeon.
             The game lasted 00:01:47 (979 turns).

barb4r1an the Insei (Merfolk Transmuter)             Turns: 979, Time: 00:01:47

Health: -1/26      AC:  2    Str: 10    XL:     3   Next: 8%
Magic:  3/6        EV: 13    Int: 12    God:
Gold:   56         SH:  0    Dex: 15    Spells: 2 memorised, 3 levels left

rFire  . . .     SeeInvis .     m - +0 dagger
rCold  . . .     Gourm    .     b - +0 robe
rNeg   . . .     Faith    .     (no shield)
rPois  .         Spirit   .     (no helmet)
rElec  .         Dismiss  .     (no cloak)
rCorr  .         Reflect  .     (no gloves)
SustAt .         Harm     .     (no boots)
MR     .....                    (no amulet)
Stlth  +.........               (no ring)
                                (no ring)

@: not resistant to hostile enchantments, very unstealthy
A: change form in water, swift swim
a: no special abilities


You were on level 2 of the Dungeon.
You were hungry.

You visited 1 branch of the dungeon, and saw 2 of its levels.

You collected 56 gold pieces.

Inventory:

Hand Weapons
 m - a +0 dagger (weapon)
Missiles
 a - 10 arrows
Armour
 b - a +0 robe (worn)
Scrolls
 g - 2 scrolls of remove curse {unknown}
 h - a scroll of recharging {unknown}
 i - a scroll of identify {unknown}
 j - a scroll of amnesia {unknown}
Potions
 e - a potion of curing {unknown}
 f - a potion of agility {unknown}
 l - a potion of ambrosia {unknown}
Books
 c - a book of Changes

   Spells                             Type                      Level
   a - Beastly Appendage              Transmutation                1
   b - Sticks to Snakes               Transmutation                2
   c - Spider Form                    Transmutation/Poison         3
   d - Ice Form                       Ice/Transmutation            4
   e - Blade Hands                    Transmutation                5
Comestibles
 d - a bread ration
 k - a beef jerky


   Skills:
 - Level 1.1 Fighting
 + Level 3.2 Dodging
 + Level 3.8 Unarmed Combat
 + Level 2.2 Spellcasting
 + Level 3.1 Transmutations


You had 3 spell levels left.
You knew the following spells:

 Your Spells              Type           Power        Failure   Level  Hunger
a - Beastly Appendage     Trmt           #.....       10%         1    ##.....
b - Sticks to Snakes      Trmt           #.......     12%         2    ###....


Dungeon Overview and Level Annotations

Branches:
Dungeon (2/15)

Altars:


Message History

You start resting.
A stone appears from out of your range of vision.
The stone hits your ball python.
Your ball python dies!
You start resting.
The goblin shoots a stone.
The stone closely misses you.
A jackal comes into view.
The jackal barks!
The goblin shoots a stone.
The stone hits you!
* * * LOW HITPOINT WARNING * * *
You see here a stone.
You are too injured to fight recklessly!
Unknown command.
You swap places.
The goblin shoots a stone.
The stone closely misses your ball python.
The stone closely misses you.
The goblin shoots a stone.
The stone closely misses your ball python.
The stone hits you.
You die...

##≈≈ #≈≈≈ ....
##≈≈ ....
#≈≈#########..#
##≈≈#..........#
#...'..........#
#...'..†().....#
#...((.()h.....#
#.≈≈#(..@S(.g..#
##(≈≈#########..#
#†.#≈≈≈..# #
########.##≈≈≈h.+
.........###≈≈..#
...####### ≈≈..#
...'.# ≈≈..g
...######## ≈≈..
...†.......


You could see a jackal, a goblin and a friendly ball python.

Vanquished Creatures
  An ooze (D:1)
  A giant gecko (D:1)
  3 bats (D:1)
  A giant cockroach (D:1)
  3 goblins (D:1)
  2 hobgoblins
  A quokka (D:2)
  3 kobolds
  4 rats
19 creatures vanquished.

Vanquished Creatures (collateral kills)
  3 goblins (D:2)
3 creatures vanquished.

Grand Total: 22 creatures vanquished

Notes
Turn   | Place    | Note
--------------------------------------------------------------
     0 | D:1      | barb4r1an the Merfolk Transmuter began the quest for the Orb.
     0 | D:1      | Reached XP level 1. HP: 15/15 MP: 3/3
   269 | D:1      | Reached XP level 2. HP: 18/21 MP: 3/5
   579 | D:2      | Found a faded altar to an unknown god.
   616 | D:2      | Learned a level 2 spell: Sticks to Snakes
   835 | D:2      | Reached XP level 3. HP: 16/26 MP: 6/6
   979 | D:2      | Shot with a stone by a goblin

Vault maps used:
D:1:      matt_arrival_grand_opening
D:2:      kennysheep_goblin_castle, ecumenical_altar_1

Skill      XL: |  1  2 |
---------------+-------+-----
Dodging        | 3 |  3.2
Transmutations | 3 |  3.1
Fighting       | |  1.1
Unarmed Combat | |  3.8
Spellcasting   | |  2.2

Action                   || total
-------------------------++-------
Melee: Unarmed           ||    37
       Headbutt          ||     3
       Punch             ||     1
       Dagger            ||    28
 Cast: Beastly Appendage ||    11
       Sticks to Snakes  ||     2
Armor: Robe              ||    17
Dodge: Dodged            ||    47
